 Dungeon Crawl Stone Soup version 0.27.0-1-g7a089689b8 (webtiles) character file.

Game seed: 9397571094170169243

11 Spaninq the Chopper (level 2, 0/28 HPs)
             Began as a Naga Monk on Aug 12, 2021.
             Slain by a gnoll (6 damage)
             ... on level 1 of the Dungeon.
             The game lasted 00:01:56 (474 turns).

Spaninq the Chopper (Naga Monk)                      Turns: 474, Time: 00:01:56

Health: 0/28       AC:  1    Str: 13    XL:     2   Next: 29%
Magic:  2/2        EV: 10    Int: 10    God:
Gold:   13         SH:  0    Dex: 13    Spells: 1/1 levels left

rFire    . . .     SeeInvis +   a - +0 hand axe
rCold    . . .     Faith    .   (no shield)
rNeg     . . .     Spirit   .   b - +0 robe
rPois    +         Reflect  .   (no helmet)
rElec    .         Harm     .   (no cloak)
rCorr    .         Rampage  .   (no gloves)
Will     .....                  (no barding)
Stlth    ++........             (no amulet)
HPRegen  0.09/turn              (no ring)
MPRegen  0.08/turn              (no ring)

@: short of breath, very slow
A: AC +0, large, see invisible, deformed body, poison resistance, slowness 2,
spit poison 1, naga tail 1
a: Spit Poison


You were on level 1 of the Dungeon.
You visited 1 branch of the dungeon, and saw 1 of its levels.

You collected 13 gold pieces.

Inventory:

Hand Weapons
 a - a +0 hand axe (weapon)
Armour
 b - a +0 robe (worn)


   Skills:
 + Level 3.2 Fighting
 * Level 3.4 Axes
 - Level 2.4 Dodging
 - Level 3.0 Stealth


You had one spell level left.
You didn't know any spells.
Your spell library was empty.

Dungeon Overview and Level Annotations

Branches:
Dungeon (1/15)

Altars:


Innate Abilities, Weirdness & Mutations

Your serpentine skin is tough. (AC +0)
You have supernaturally acute eyesight. (SInv)
Armour fits poorly on your strangely shaped body.
Your system is resistant to poisons. (rPois)
You cover ground very slowly.
You can spit poison.
You have a snake-like lower body.


Message History

Aim: a kobold, wielding a +0 whip of venom The splash of poison hits the kobold but does no damage.
The kobold is poisoned.
The kobold hits you but does no damage.
You kill the kobold!
You have got your breath back.
Things that are here:
a +0 whip of venom; a bat corpse
There is a faded altar of an unknown god here.
There is an empty arch of ancient stone here.
There is a dry fountain here.
You see here 24 bolts.
A gnoll comes into view. It is wielding a +0 spear.
Found a scroll labelled IDWADI QOWE.
Press: ? - help, Shift-Dir - straight line, f - gnoll
Aim: a gnoll, wielding a +0 spear (asleep)
The splash of poison hits the gnoll.
The gnoll is poisoned.
The gnoll is moderately wounded.
The gnoll shouts!
You have got your breath back.
The gnoll looks more healthy.
The gnoll hits you from afar with a +0 spear.
The rat bites the plant.
The plant begins to die.
The gnoll hits you with a +0 spear. The gnoll hits you with a +0 spear!
You hit the gnoll.
The gnoll is severely wounded.
You hit the bush but do no damage. x2; A nearby plant withers and dies.
The gnoll completely misses you.
You closely miss the gnoll.
The gnoll is severely wounded.
You hit the bush but do no damage. x2; The gnoll hits you but does no damage.
You barely miss the gnoll.
The gnoll is severely wounded.
You hit the bush but do no damage. x2; The gnoll hits you with a +0 spear.
* * * LOW HITPOINT WARNING * * *
Press: ? - help, Shift-Dir - straight line, f/p - gnoll
Aim: a gnoll, wielding a +0 spear (severely wounded)
The splash of poison hits the gnoll.
The gnoll is poisoned.
The gnoll is severely wounded.
The gnoll hits you with a +0 spear.
You die...

......#.# #.# ...#
##.P....P.# #.# ...#
#.....?♣P.# ##.# ##..#
##r♣..P.♣..# #..# .#..#
#..♣...♣♣P.# #.## .#..# #..P♣
♣..# #.# .#..# #...♣♣♣♣♣P.#
#.# .#..# #.#..g♣P..## #.#
##..#######...rP@...# #.#
..........^....###..#######.#
............#.............#.#
...##..........########.....#
##....#.##...#.# #(..####
.#......##...#.# #..###.#
.#.####......#.# #.#...##
.#.# #.#.#.## ##..⌠.8# .#.#
#.#..# #.⌠..#####


You could see a gnoll (poisoned) and a rat.

Vanquished Creatures
  A dart slug (D:1)
  A giant cockroach (D:1)
  A ball python (D:1)
  2 bats (D:1)
  3 frilled lizards (D:1)
  A goblin (D:1)
  3 kobolds (D:1)
  A rat (D:1)
13 creatures vanquished.

Vanquished Creatures (others)
  2 plants (D:1)
2 creatures vanquished.

Grand Total: 15 creatures vanquished

Notes
Turn   | Place    | Note
-------+----------+-------------------------------------------
     0 | D:1      | Spaninq the Naga Monk began the quest for the Orb.
     0 | D:1      | Reached XP level 1. HP: 21/21 MP: 1/1
   304 | D:1      | Reached XP level 2. HP: 28/28 MP: 2/2
   397 | D:1      | Found a faded altar of an unknown god.
   474 | D:1      | Slain by a gnoll

Illustrated notes

Levels and vault maps discovered:
D:1:      arrival_zaba_pyramid, layout_loops_ring, serial_forest,
          infiniplex_forest_straight_1, infiniplex_forest_straight_3,
          infiniplex_forest_lined_room_, infiniplex_forest_end_1,
          infiniplex_forest_lined_3, infiniplex_forest_clump_small,
          infiniplex_forest_clump_C, shapermc_ecumenical_altar_venn,
          chequers_serial_rivers_marsh

Action                   || total
-------------------------++-------
Melee: Hand axe          ||    25
 Abil: Spit Poison       ||    12
 Stab: Sleeping          ||     1
Armor: Robe              ||     7
Dodge: Dodged            ||    14
